 Dungeon Crawl Stone Soup version 0.30.1-3-gfc49f6343a (webtiles) character file.

Game seed: 14755254332138596919

1337 Almogavar the Cudgeller (level 8, -16/51 HPs)
             Began as a Gargoyle Fighter on Aug 8, 2023.
             Was an Initiate of the Shining One.
             Demolished by an ogre
             ... wielding a +0 giant club
              (18 damage)
             ... on level 6 of the Dungeon.
             The game lasted 00:11:56 (5270 turns).

Almogavar the Cudgeller (Gargoyle Fighter)          Turns: 5270, Time: 00:11:56

Health: -16/51     AC: 13    Str: 21    XL:     8   Next: 61%
Magic:  0/8        EV: 10    Int: 10    God:    the Shining One [......]
Gold:   272        SH:  4    Dex:  9    Spells: 5/7 levels left

rFire   . . .        a - +1 flail
rCold   . . .        c - +0 buckler
rNeg    + . .        b - +0 scale mail
rPois   ∞            (no helmet)
rElec   +            (no cloak)
rCorr   .            (no gloves)
SInv    .            (no boots)
Will    +....        q - amulet of guardian spirit Stlth
                     r - ring of willpower
HPRegen 0.28/turn    (no ring)
MPRegen 0.11/turn

%: guardian spirit
@: about to teleport, glowing
A: sickness immunity, AC +5, negative energy resistance 1, electricity
resistance, torment resistance 1, petrification resistance
a: Renounce Religion


You were on level 6 of the Dungeon.
You worshipped the Shining One.
The Shining One was noncommittal.
You visited 2 branches of the dungeon, and saw 7 of its levels.
You also visited: Ossuary.

You collected 272 gold pieces.

Inventory:

Hand Weapons
 a - a +1 flail (weapon)
Armour
 b - a +0 scale mail (worn)
 c - a +0 buckler (worn)
 d - the +2 ring mail of Altruism {Drain rCorr Int+4}
   (You found it on level 2 of the Dungeon)

   Int:       It affects your intelligence (+4).
   rCorr:     It protects you from acid and corrosion.
   Drain:     It drains your maximum health when unequipped.
 j - a +0 chain mail
Magical Staves
 s - a staff of conjuration
Jewellery
 q - an amulet of guardian spirit (around neck)
 r - a ring of willpower (left hand)
Wands
 n - a wand of mindburst (12)
Scrolls
 e - a scroll of enchant weapon
 k - 2 scrolls of teleportation
 p - a scroll of noise {unknown}
 t - a scroll of torment {unknown}
 u - 3 scrolls of identify {unknown}
 x - a scroll of immolation {unknown}
 y - 2 scrolls of amnesia {unknown}
 B - a scroll of magic mapping {unknown}
 C - a scroll of brand weapon {unknown}
Potions
 f - a potion of haste {unknown}
 g - a potion of invisibility
 h - 2 potions of heal wounds
 i - a potion of ambrosia {unknown}
 m - 2 potions of flight {unknown}
 o - 2 potions of curing {unknown}
 v - 2 potions of magic {unknown}
 w - a potion of resistance {unknown}
 z - 2 potions of attraction {unknown}
 A - a potion of cancellation {unknown}


   Skills:
 + Level 5.7 Fighting
 + Level 7.0 Maces & Flails
 + Level 5.7 Armour
 + Level 2.7 Dodging
 + Level 0.6 Stealth
 + Level 4.4 Shields


You had 5 spell levels left.
You knew the following spells:

 Your Spells              Type           Power      Damage    Failure   Level
a - Passwall              Tmut/Erth      0%         N/A       87%         2

Your spell library contained the following spells:

 Spells                   Type           Power      Damage    Failure   Level
 Ensorcelled Hibernation  Hex/Ice        0%         N/A       87%         2
 Swiftness                Air            0%         N/A       98%         3


Dungeon Overview and Level Annotations

Branches:
Dungeon (6/15)             Temple (1/1) D:5         Ossuary (visited)

Altars:
Ashenzari
Cheibriados
Dithmenos
Elyvilon
Fedhas
Gozag
Hepliaklqana
Kikubaaqudgha
Makhleb
Nemelex Xobeh
Qazlal
Sif Muna
Trog
Uskayaw
Vehumet
Wu Jian
Xom
Yredelemnul
Zin
The Shining One

Shops:
D:2 [[![=


Innate Abilities, Weirdness & Mutations

You are immune to sickness and miasma.
Your stone body is resilient. (AC +5)
You are immune to poison.
You resist negative energy. (rN+)
You are resistant to electric shocks. (rElec)
You are resistant to unholy torment.
You are immune to petrification.


Message History

The ogre hits you with a +0 giant club!!
You barely miss the ogre.
The ogre is moderately wounded.
The orc hits you with a +0 falchion.
You hit the orc.
The orc is moderately wounded.
The ogre hits you with a +0 giant club. The orc hits you but does no damage.
You completely miss the orc.
The orc is moderately wounded.
The orc hits you but does no damage. The ogre closely misses you.
You barely miss the orc.
The orc is moderately wounded.
The orc hits you but does no damage. The ogre closely misses you.
You completely miss the orc.
The orc is moderately wounded.
The orc hits you but does no damage.
You hit the orc but do no damage.
The orc is moderately wounded.
The orc hits you with a +0 falchion. The ogre hits you with a +0 giant club!
* * * LOW HITPOINT WARNING * * *
The orc barely misses you.
You hit the orc.
The orc is heavily wounded.
The ogre hits you with a +0 giant club.
* * * LOW HITPOINT WARNING * * *
The orc barely misses you.
You barely miss the orc.
The orc is heavily wounded.
The orc closely misses you. The ogre hits you with a +0 giant club!
* * * LOW HITPOINT WARNING * * *
As you read the scroll of teleportation, it crumbles to dust.
You feel strangely unstable. The orc closely misses you.
You sock the orc!
You kill the orc!
The ogre hits you with a +0 giant club.
* * * LOW HITPOINT WARNING * * *
You see here a +0 falchion.
The ogre attacks as you move away!
The ogre hits you with a +0 giant club!!
You die...

#.#.###..#
#...###..#
.###.....#
#. #.#...#
.# #....##
#h.###h#
#.# #.#
#o#..###O#
#...@#
#.#..#
#....#
..###.#
#.# #.. #
... .#. .
.#


You could see a black bear and an ogre.

Vanquished Creatures
  Sigmund (D:2)
  An ice beast (D:5)
  A black bear (D:5)
  A phantom (D:5)
  4 scorpions
  6 water moccasin zombies (Ossuary)
  An iguana (D:4)
  Ijyb (D:3)
  Natasha (thrice) (D:2)
  2 mummies (Ossuary)
  10 adders
  3 gnolls (D:3)
  3 ufetubi
  2 adder zombies (Ossuary)
  3 dart slugs
  4 orcs
  7 endoplasms
  A giant cockroach (D:2)
  A gnoll zombie (Ossuary)
  5 goblins
  3 hobgoblins
  5 kobolds
  A quokka (D:1)
  6 ball pythons
  3 bats
  4 frilled lizards
  2 goblin zombies (D:5)
  7 hobgoblin zombies (Ossuary)
  2 kobold zombies (Ossuary)
  8 orc zombies (Ossuary)
  6 rats
107 creatures vanquished.

Notes
Turn   | Place    | Note
-------+----------+-------------------------------------------
     0 | D:1      | Almogavar the Gargoyle Fighter began the quest for the Orb.
     0 | D:1      | Reached XP level 1. HP: 14/14 MP: 1/1
   274 | D:1      | Reached XP level 2. HP: 19/19 MP: 2/2
  1111 | D:2      | Noticed Natasha
  1121 | D:2      | HP: 1/20 [Natasha (1)]
  1126 | D:2      | Killed Natasha
  1127 | D:2      | Reached XP level 3. HP: 21/24 MP: 3/3
  1150 | D:2      | Found Migeibri's Distillery.
  1186 | D:2      | Found Xiedabb's Jewellery Shoppe.
  1199 | D:2      | Found Koorack's Armour Shoppe.
  1321 | D:2      | Noticed Sigmund
  1340 | D:2      | Killed Sigmund
  1341 | D:2      | Reached skill level 3 in Maces & Flails
  1341 | D:2      | Reached skill level 1 in Dodging
  1341 | D:2      | Reached XP level 4. HP: 18/29 MP: 4/4
  1341 | D:2      | Reached XP level 5. HP: 21/33 MP: 5/5
  1402 | D:2      | Noticed Natasha
  1417 | D:2      | Killed Natasha
  1418 | D:2      | Reached skill level 4 in Maces & Flails
  1418 | D:2      | Reached XP level 6. HP: 3/38 MP: 6/6
  1669 | D:2      | Identified the +2 ring mail of Altruism {Drain rCorr Int+4}
  1698 | D:2      | Found a faded altar of an unknown god.
  1729 | D:2      | Found Atuth's Armour Emporium.
  1769 | D:2      | Noticed Natasha
  1788 | D:2      | Killed Natasha
  2134 | D:2      | Found Osiat's Antique Armour Shop.
  2265 | D:3      | Noticed Ijyb
  2278 | D:3      | Killed Ijyb
  2416 | D:3      | Found a shadowy altar of Dithmenos.
  2646 | D:3      | Learned a level 2 spell: Passwall
  3272 | D:4      | Reached skill level 5 in Armour
  3944 | D:4      | Reached XP level 7. HP: 44/44 MP: 7/7
  3988 | D:5      | Entered Level 5 of the Dungeon
  4004 | D:5      | Found a sand-covered staircase.
  4012 | Ossuary  | Entered an ossuary
  4109 | Ossuary  | Reached skill level 5 in Maces & Flails
  4198 | Ossuary  | Reached skill level 5 in Fighting
  4349 | D:5      | Reached skill level 6 in Maces & Flails
  4349 | D:5      | Reached XP level 8. HP: 33/49 MP: 5/8
  4549 | D:5      | Found a staircase to the Ecumenical Temple.
  4559 | Temple   | Entered the Ecumenical Temple
  4771 | Temple   | Became a worshipper of the Shining One
  4845 | D:5      | Found a burning altar of Makhleb.
  4845 | D:5      | Noticed an Executioner
  4848 | D:5      | Noticed an orange demon
  4848 | D:5      | Noticed a hellwing
  5252 | D:6      | Reached skill level 7 in Maces & Flails
  5267 | D:6      | HP: 2/51 [ogre/+0 giant club (4)]
  5270 | D:6      | Demolished by an ogre

Illustrated notes

Levels and vault maps discovered:
D:1:      wheals_arrival_linesprint, layout_loops_ring, serial_co_window_serial,
          co_window_corner_a, co_window_corner_a, co_window_corner_a,
          co_window_paths_a, co_window_corner_a, co_window_unsneaky_path_d,
          co_window_of_opportunity_b, co_window_unsneaky_path_e,
          co_window_paths_e, glass_columns_a, glass_columns_a, glass_columns_a,
          glass_columns_b, glass_columns_c
D:2:      layout_loops_ring, nicolae_ecumenical_snake_handling, serial_shops,
          nicolae_shop_trees, nicolae_shop_tiny_waterfront, shop, shop,
          nicolae_shop_window_shopping, uniq_sigmund, uniq_natasha
D:3:      layout_basic, grunt_dithmenos_smoke, uniq_ijyb
D:4:      layout_layer_cave
D:5:      layout_cave_pools, makhleb_altar_promises_db,
          minmay_temple_entry_glass, enter_ossuary_4
D:6:      layout_loops_corners, grunt_decor_fettered, hangedman_feature_mirror,
          minmay_starry_boxes
Temple:   mainiacjoe_temple_bowtie_tessellation

Skill      XL: |  1  2  3  4  5  6  7  8 |
---------------+-------------------------+-----
Fighting       | 4 5 |  5.7
Maces & Flails | 3 4 6 7 |  7.0
Armour         | 4 5 |  5.7
Dodging        | 1 2 |  2.7
Shields        | 4 |  4.4
Stealth        | |  0.6

Action                     |  1- 3 |  4- 6 |  7- 9 || total
---------------------------+-------+-------+-------++-------
  Melee: Flail             |    83 |   183 |   231 ||   497
    Use: Potion            |     3 |     1 |       ||     4
         Scroll            |     1 |     1 |     2 ||     4
 Armour: Scale mail        |    35 |   141 |   161 ||   337
  Dodge: Dodged            |    42 |    96 |   120 ||   258
  Block: Buckler           |    12 |    59 |    48 ||   119
